 Dungeon Crawl Stone Soup version 0.18-a0-1774-gce1f7b6 (webtiles) character file.

11430 dobroeutro the Blocker (level 11, -4/73 HPs)
             Began as a Gargoyle Fighter on Apr 14, 2016.
             Was a High Priest of Okawaru.
             Slain by Snorg (9 damage)
             ... on level 12 of the Dungeon on Apr 15, 2016.
             The game lasted 05:17:52 (10409 turns).

dobroeutro the Blocker (Gargoyle Fighter)          Turns: 10409, Time: 05:17:53

Health: -4/73      AC: 36    Str: 24    XL:     11   Next: 77%
Magic:  11/11      EV: 10    Int: 10    God:    Okawaru [*****.]
Gold:   830        SH: 14    Dex:  9    Spells: 0 memorised, 10 levels left

rFire  . . .     SeeInvis +     v - +1 flail (protect)
rCold  + . .     Gourm    .     V - +4 chain mail "Naex" {rC+ MR+ rCorr}
rNeg   + . .     Faith    .     c - +0 shield
rPois  ∞         Spirit   .     s - +0 helmet
rElec  +         Dismiss  .     (no cloak)
rCorr  +         Reflect  .     o - +0 pair of gloves
SustAt .         Harm     .     m - +2 pair of boots
MR     +....                    (no amulet)
Stlth  ..........               F - +3 ring of evasion
                                l - ring of see invisible

@: hasted, very quick, somewhat resistant to hostile enchantments, extremely
unstealthy
A: big wings, large bone plates 1, clever 1, negative energy resistance 1,
electricity resistance, unbreathing, petrification resistance, rot immunity, AC
+7
a: Fly, Heroism, Finesse, Renounce Religion


You were on level 12 of the Dungeon.
You worshipped Okawaru.
Okawaru was extremely pleased with you.
You were not hungry.

You visited 1 branch of the dungeon, and saw 12 of its levels.
You also visited: Ossuary.

You collected 830 gold pieces.

Inventory:

Hand Weapons
 v - a +1 flail of protection (weapon)
Armour
 c - a +0 shield (worn)
 k - a +0 gold dragon armour
 m - a +2 pair of boots (worn)
 o - a +0 pair of gloves (worn)
 s - a +0 helmet (worn)
 V - the +4 chain mail "Naex" (worn) {rC+ MR+ rCorr}
   (You found it on level 8 of the Dungeon)

   It protects you from cold.
   It affects your resistance to hostile enchantments.
   It protects you from acid and corrosion.
 W - a +0 buckler of fire resistance
Jewellery
 l - a ring of see invisible (left hand)
 F - a +3 ring of evasion (right hand)
 G - a +2 ring of dexterity
 I - a +3 ring of strength
Wands
 a - a wand of confusion (28/48)
 K - a wand of flame (21/48)
 R - a wand of random effects (31/48)
 X - a wand of paralysis (10/24)
 Y - a wand of iceblast (4/15)
Scrolls
 e - 12 scrolls of identify
 g - 2 scrolls of blinking
 j - 8 scrolls of remove curse
 n - 3 scrolls of fear
 r - 2 scrolls of enchant armour
 u - a scroll of immolation
 y - 2 scrolls of teleportation
 J - a scroll of enchant weapon {unknown}
 L - a scroll of recharging {unknown}
 O - a scroll of brand weapon {unknown}
 P - 2 scrolls of magic mapping {unknown}
 S - a scroll of amnesia {unknown}
 T - a scroll of vulnerability {unknown}
Potions
 b - a potion of cancellation {unknown}
 d - 3 potions of might
 h - 4 potions of curing {unknown}
 i - 2 potions of flight
 p - 3 potions of cure mutation {unknown}
 q - 3 potions of degeneration {unknown}
 w - 4 potions of agility {unknown}
 x - a potion of brilliance {unknown}
 z - 2 potions of ambrosia {unknown}
 A - a potion of haste
 E - 2 potions of lignification {unknown}
 H - 3 potions of heal wounds {unknown}
 M - 2 potions of mutation {unknown}
 N - a potion of magic {unknown}
 Q - a potion of beneficial mutation {unknown}
Comestibles
 f - 9 bread rations
 t - 3 chunks of flesh
 B - 2 beef jerkies
 C - a royal jelly
 D - 9 meat rations
 Z - 2 slices of pizza


   Skills:
 + Level 10.4 Fighting
 + Level 9.4 Maces & Flails
 + Level 10.6 Armour
 + Level 10.7 Shields


You had 10 spell levels left.
You didn't know any spells.

Dungeon Overview and Level Annotations

Branches:
Dungeon (12/15)            Temple (0/1) D:6            Lair (0/8) D:11
    Orc (0/2) D:10

Altars:
Ashenzari
Dithmenos
Elyvilon
Fedhas
Kikubaaqudgha
Makhleb
Nemelex Xobeh
Okawaru
Pakellas
Qazlal
Ru
Trog
Zin

Shops:
D:7 :   D:9 [   D:11 [

Annotations:
D:12 Snorg


Innate Abilities, Weirdness & Mutations

You are resistant to torment.
Your stone body is resilient (AC +7).
You are immune to poison.
You resist negative energy.
You are resistant to electric shocks.
You can survive without breathing.
You are immune to petrification.
You are immune to rotting.
Your large and strong wings let you fly indefinitely.
You are partially covered in large bone plates (AC +2, SH +2).
Your mind is acute. (Int +2)


Message History

You sock Snorg!
Snorg is severely wounded.
You block Snorg's attack. Snorg claws you but does no damage. x2
Snorg barely misses you. You block Snorg's attack. Snorg claws you!
You hit Snorg.
Snorg is severely wounded.
You block Snorg's attack. Snorg claws you but does no damage. Snorg claws you!
You block Snorg's attack. Snorg claws you but does no damage. Snorg claws you!
* * * LOW HITPOINT WARNING * * *
Snorg bites you but does no damage. You block Snorg's attack. x2
Snorg barely misses you. You block Snorg's attack. x2
Snorg rages.
Snorg bites you!
* * * LOW HITPOINT WARNING * * *
Snorg claws you.
* * * LOW HITPOINT WARNING * * *
You block Snorg's attack.
Drink which item? (? for menu, Esc to quit)
You feel yourself speed up. Snorg bites you!
You die...

##.......## #..##
##.## ##.....##
#.## ### ##...##
#..# ##'## ##.#
#.# #.# ######.##
#.# #.......# #.#
#.......## #.#
.........# #@#
......#.########T#
.....###.........#
#.... #.##########
#....#..#
#.......#
######.## #. #.


You could see Snorg (berserk).

Vanquished Creatures
  An unseen horror (D:9)
  The ghost of PeterLawrence the Basher, a novice GrFi of Okawaru (D:6)
  Pikel (D:8)
  An elephant (D:11)
  A cyclops (D:11)
  Joseph (D:8)
  A centaur skeleton (D:11)
  A troll (D:6)
  A two-headed ogre (D:10)
  Grinder (D:3)
  A slime creature (D:9)
  Sigmund (D:3)
  A yak (shapeshifter) (D:9)
  A yak (D:11)
  4 hippogriffs
  A hungry ghost (D:8)
  3 sky beasts
  4 ogres
  7 orc warriors
  6 ice beasts
  A necrophage (D:5)
  A black bear (D:11)
  A phantom (D:10)
  5 centaurs
  A crocodile (D:11)
  An elf zombie (D:7)
  The ghost of namelastname112 the Sneak, an amateur VSAs (D:3)
  3 big kobolds
  7 giant frogs
  A gnoll sergeant (D:12)
  3 elf skeletons (D:7)
  14 scorpions
  9 killer bees
  A water moccasin skeleton (D:9)
  A howler monkey (D:6)
  8 crimson imps
  5 jellies
  A giant frog zombie (D:10)
  3 centaur zombies (Ossuary)
  4 hounds
  A quasit (D:8)
  A human zombie (D:7)
  2 giant frog skeletons
  6 orc priests
  3 iguanas
  8 orc wizards
  9 worker ants
  2 big kobold zombies (Ossuary)
  A hound zombie (D:5)
  A hound skeleton (D:5)
  3 mummies (Ossuary)
  A worker ant zombie (D:9)
  Robin (D:3)
  9 gnolls
  17 adders
  2 scorpion zombies (Ossuary)
  2 shadow imps
  2 oozes
  5 adder zombies
  An adder skeleton (D:4)
  4 dart slugs
  3 giant geckos
  46 orcs
  4 ball pythons
  7 giant cockroaches
  7 gnoll zombies (Ossuary)
  15 goblins
  10 hobgoblins
  19 jackals
  3 quokkas
  2 bats
  3 giant newts
  3 goblin zombies (Ossuary)
  2 hobgoblin zombies (Ossuary)
  24 kobolds
  2 kobold zombies (Ossuary)
  4 orc zombies
  A quokka skeleton (D:4)
  4 rats
  3 plants (D:8)
353 creatures vanquished.

Vanquished Creatures (others)
  A slave (D:8)
  A giant frog zombie (D:8)
  A worker ant (D:8)
3 creatures vanquished.

Grand Total: 356 creatures vanquished

Notes
Turn   | Place    | Note
--------------------------------------------------------------
     0 | D:1      | dobroeutro the Gargoyle Fighter began the quest for the Orb.
     0 | D:1      | Reached XP level 1. HP: 14/14 MP: 1/1
   105 | D:1      | Reached XP level 2. HP: 18/19 MP: 2/2
   623 | D:1      | Reached XP level 3. HP: 21/23 MP: 3/3
   743 | D:1      | Upgraded the game from 0.18-a0-1773-gec4f98e to 0.18-a0-1774-gce1f7b6
   955 | D:2      | Reached XP level 4. HP: 29/29 MP: 4/4
  1380 | D:2      | Found a sparkling altar of Nemelex Xobeh.
  1497 | D:3      | Found a blossoming altar of Fedhas.
  1498 | D:3      | Noticed Robin
  1565 | D:3      | Killed Robin
  1565 | D:3      | Reached XP level 5. HP: 24/33 MP: 5/5
  1724 | D:3      | Noticed Sigmund
  1737 | D:3      | Killed Sigmund
  1737 | D:3      | Reached XP level 6. HP: 39/39 MP: 6/6
  1777 | D:3      | Noticed namelastname112's ghost (amateur VSAs)
  1788 | D:3      | Reached skill level 5 in Shields
  1797 | D:3      | Killed namelastname112's ghost
  1797 | D:3      | Reached skill level 5 in Fighting
  1797 | D:3      | Reached skill level 5 in Armour
  1797 | D:3      | Reached XP level 7. HP: 25/44 MP: 7/7
  1868 | D:3      | Noticed Grinder
  1889 | D:3      | Killed Grinder
  2032 | D:4      | Got a shimmering ring mail
  2043 | D:4      | Identified the +2 ring mail of the Forest {Int+4 Dex+3} (You found it on level 4 of the Dungeon)
  2138 | D:4      | Found a shadowy altar of Dithmenos.
  2227 | D:4      | Found a glowing silver altar of Zin.
  2498 | D:4      | Reached XP level 8. HP: 14/51 MP: 8/8
  2814 | D:5      | Entered Level 5 of the Dungeon
  3176 | D:5      | Reached skill level 5 in Maces & Flails
  3448 | D:5      | Found a sacrificial altar of Ru.
  3619 | D:5      | Found an iron altar of Okawaru.
  3650 | D:5      | Became a worshipper of Warmaster Okawaru
  3765 | D:6      | Noticed PeterLawrence's ghost (novice GrFi)
  4246 | D:6      | Found a staircase to the Ecumenical Temple.
  4301 | D:6      | Reached XP level 9. HP: 34/57 MP: 9/9
  4372 | D:6      | Noticed a troll
  4774 | D:6      | Killed PeterLawrence's ghost
  4774 | D:6      | Reached * piety under Okawaru
  5036 | D:6      | Found a bloodstained altar of Trog.
  5232 | D:6      | Reached ** piety under Okawaru
  5362 | D:6      | Killed a troll
  5440 | D:7      | Reached XP level 10. HP: 49/64 MP: 10/10
  5749 | D:7      | Found Rabig's Book Emporium.
  5766 | D:7      | Reached *** piety under Okawaru
  5843 | D:7      | Found a sand-covered staircase.
  5859 | Ossuary  | Entered an ossuary
  6231 | D:7      | Identified the Almanac of Attacks and the Voyage
  6480 | D:7      | Gained mutation: Your large and strong wings let you fly indefinitely. [mutagenic meat]
  6481 | D:7      | Gained mutation: You are partially covered in large bone plates (AC +2, SH +2). [mutagenic meat]
  6622 | D:7      | Reached **** piety under Okawaru
  7085 | D:8      | Noticed Joseph
  7107 | D:8      | Killed Joseph
  7298 | D:8      | Noticed Pikel
  7315 | D:8      | Killed Pikel
  7491 | D:8      | Got a dazzling chain mail
  7559 | D:8      | Identified the +4 chain mail "Naex" {rC+ MR+ rCorr} (You found it on level 8 of the Dungeon)
  7875 | D:9      | Reached XP level 11. HP: 70/71 MP: 11/11
  7883 | D:9      | Found a stormy altar of Qazlal.
  7890 | D:9      | Found a blossoming altar of Fedhas.
  8052 | D:9      | Found a shattered altar of Ashenzari.
  8093 | D:9      | Reached skill level 10 in Shields
  8198 | D:9      | Found an ancient bone altar of Kikubaaqudgha.
  8208 | D:9      | Found an oddly glowing altar of Pakellas.
  8211 | D:9      | Found a shadowy altar of Dithmenos.
  8214 | D:9      | Found a burning altar of Makhleb.
  8259 | D:9      | Reached ***** piety under Okawaru
  8412 | D:9      | Noticed an unseen horror
  8412 | D:9      | Noticed an unseen horror
  8430 | D:9      | an unseen horror changed into a yak
  8433 | D:9      | Killed an unseen horror
  8433 | D:9      | Reached skill level 10 in Armour
  8453 | D:9      | Reached skill level 10 in Fighting
  8462 | D:9      | Gained mutation: Your mind is acute. (Int +2) [mutagenic meat]
  8598 | D:9      | Found a white marble altar of Elyvilon.
  8746 | D:9      | Found Ikkej's Armour Shop.
  8879 | D:10     | Entered Level 10 of the Dungeon
  9179 | D:10     | Found a staircase to the Orcish Mines.
  9493 | D:11     | Noticed a cyclops
  9499 | D:11     | Killed a cyclops
  9499 | D:11     | Received a gift from Okawaru
  9527 | D:11     | Found a staircase to the Lair.
  9894 | D:11     | Found Uneov's Antique Armour Emporium.
 10385 | D:12     | Noticed Snorg
 10409 | D:12     | Slain by Snorg

Vault maps used:
D:1:      minmay_arrival_stone_box
D:2:      nemelex_lonely_heart_becter
D:3:      first_bread, fedhas_altar_3, uniq_sigmund, uniq_robin, uniq_grinder
D:4:      kennysheep_mini, nicolae_dithmenos_the_darkroom
D:5:      okawaru_altar_gauntlet_db, overflow_temple_1_default,
          kennysheep_pointless_box
D:6:      wad_guarded_room, lightli_temple_of_fire, minmay_temple_entry_trees
D:7:      nicolae_ossuary_entry_catacombs, serial_shops, shop
D:8:      minmay_weird_star, uniq_joseph, uniq_pikel
D:9:      grunt_temple_overflow_forces_of_nature, lemuel_round_altar,
          kennysheep_mini_moat, grunt_temple_overflow_cloverleaf, serial_shops,
          nicolae_shop_trees, wad_scary_box
D:10:     hiddenorc1_lemuel
D:11:     david_lair_generic, serial_shops, nicolae_shop_stone
D:12:     hangedman_tree_tricks, uniq_urug, uniq_snorg, uniq_fannar
Ossuary:  ossuary_minmay_scorpions

Skill      XL: |  1  2  3  4  5  6  7  8  9 10 11 |
---------------+----------------------------------+-----
Shields        | 4 5 7 8 9 10 | 10.7
Fighting       | 4 5 7 8 9 10 | 10.4
Armour         | 4 5 6 8 9 10 | 10.6
Maces & Flails | 3 4 5 6 8 9 |  9.4

Action                   |  1- 3 |  4- 6 |  7- 9 | 10-12 || total
-------------------------+-------+-------+-------+-------++-------
Melee: Flail             |   129 |   163 |   643 |  1089 ||  2024
 Abil: Fly               |       |       |       |     1 ||     1
       Stop Flying       |       |       |       |     1 ||     1
  Use: Scroll            |       |       |     9 |     2 ||    11
       Potion            |       |       |       |     1 ||     1
  Eat: Chunk             |       |     4 |    10 |    15 ||    29
       Meat ration       |       |       |     1 |     1 ||     2
       Beef jerky        |       |       |       |     1 ||     1
Armor: Scale mail        |    73 |   116 |    36 |       ||   225
       Ring mail         |       |       |   329 |   193 ||   522
       Chain mail        |       |       |       |   203 ||   203
Dodge: Dodged            |    48 |    73 |   222 |   326 ||   669
Block: Shield            |    57 |   122 |   417 |   700 ||  1296
